TOP OF THE 1ST |
Beloit Snappers batting - Pitching for West Michigan Whitecaps : RHP Matt Sturge
|
Pitching: RHP Matt Sturge
|
|
Batting: LHB Angel Sanchez
|
0-0: Ball 1-0: Foul Ball, location: 2F 1-1: Foul Ball, location: 2F 1-2: Fly out, F7 (Flyball, 7LM, EV 82.5 MPH)
|
Batting: RHB Danny Heikkila
|
0-0: Ball 1-0: Called Strike 1-1: Reached on error, E5 (Groundball, 56, EV 101.9 MPH)
|
Batting: LHB Billy Schultz
|
0-0: Ball 1-0: Fly out, F3 (Line Drive, 3, EV 67.5 MPH) Lined into DP, U3 (Line Drive, 3, EV 68.1 MPH)
|
Top of the 1st over - 0 runs, 0 hits, 1 error, 0 left on base; Beloit 0 - West Michigan 0 |
BOTTOM OF THE 1ST |
West Michigan Whitecaps batting - Pitching for Beloit Snappers : LHP Bobby Carroll
|
Pitching: LHP Bobby Carroll
|
|
Batting: LHB Freddy Troncoso
|
0-0: Ball 1-0: Called Strike 1-1: SINGLE (Groundball, 56, EV 104.4 MPH) (infield hit)
|
Batting: LHB Luis Dominguez
|
0-0: Called Strike 0-1: Ball 1-1: Ball 2-1: Fly out, F9 (Flyball, 9S, EV 95.0 MPH)
|
Batting: SHB Andy Vivas
|
0-0: Called Strike Freddy Troncoso steals 2nd base 0-1: Swinging Strike 0-2: Foul Ball, location: 2F 0-2: Ball 1-2: Strikes out swinging
|
Batting: RHB Tim Borden
|
0-0: Ball 1-0: Foul Ball, location: 2F 1-1: Foul Ball, location: 2F 1-2: Ball Wild Pitch! Freddy Troncoso to third 2-2: Ball 3-2: Strikes out swinging
|
Bottom of the 1st over - 0 runs, 1 hit, 0 errors, 1 left on base; Beloit 0 - West Michigan 0 |
TOP OF THE 2ND |
Beloit Snappers batting - Pitching for West Michigan Whitecaps : RHP Matt Sturge
|
Batting: LHB Henry Hutson
|
0-0: Called Strike 0-1: Ball 1-1: Ball 2-1: Foul Ball, location: 2F 2-2: Foul Ball, location: 2F 2-2: Fly out, F8 (Flyball, 8LM, EV 90.0 MPH)
|
Batting: RHB Ricardo Mariscal
|
0-0: Foul Ball, location: 2F 0-1: Ball 1-1: Swinging Strike 1-2: Foul Ball, location: 2F 1-2: Ball 2-2: Ball 3-2: Strikes out looking
|
Batting: RHB Jose Marquez
|
0-0: Ball 1-0: Swinging Strike 1-1: Ground out 5-3 (Groundball, 56S, EV 80.6 MPH)
|
Top of the 2nd over - 0 runs, 0 hits, 0 errors, 0 left on base; Beloit 0 - West Michigan 0 |
BOTTOM OF THE 2ND |
West Michigan Whitecaps batting - Pitching for Beloit Snappers : LHP Bobby Carroll
|
Batting: RHB Mike Olsen
|
0-0: Ball 1-0: Foul Ball, location: 2F 1-1: Ball 2-1: Ball 3-1: Called Strike 3-2: Base on Balls
|
Batting: RHB Miguel Nunez
|
0-0: Ball Wild Pitch! Mike Olsen to second 1-0: Ball 2-0: Called Strike 2-1: Called Strike 2-2: DOUBLE (Line Drive, 9LM, EV 105.6 MPH) Mike Olsen scores
|
Batting: RHB Mike Patterson
|
0-0: Foul Ball, location: 2F 0-1: Foul Ball, location: 2F 0-2: Ball 1-2: Strikes out swinging
|
Batting: LHB Takuya Uchida
|
0-0: Ball 1-0: Fly out, F3 (Line Drive, 3, EV 60.0 MPH)
|
Batting: RHB Eric Blaha
|
0-0: Hit by Pitch
|
Batting: LHB Freddy Troncoso
|
0-0: Ball 1-0: Ball 2-0: Called Strike 2-1: Foul Ball, location: 2F 2-2: Ground out 4-3 (Groundball, 34, EV 112.5 MPH)
|
Bottom of the 2nd over - 1 run, 1 hit, 0 errors, 2 left on base; Beloit 0 - West Michigan 1 |
TOP OF THE 3RD |
Beloit Snappers batting - Pitching for West Michigan Whitecaps : RHP Matt Sturge
|
Batting: SHB Mike Jorgenson
|
0-0: Ball 1-0: Ball 2-0: Ball 3-0: Swinging Strike 3-1: Swinging Strike 3-2: Foul Ball, location: 2F 3-2: Foul Ball, location: 2F 3-2: Strikes out looking
|
Batting: RHB D.J. Torres
|
0-0: Ball 1-0: Swinging Strike 1-1: Ball 2-1: Foul Ball, location: 2F 2-2: Strikes out swinging
|
Batting: RHB Manny Moron
|
0-0: Ball 1-0: Ball 2-0: Swinging Strike 2-1: Ball 3-1: Base on Balls
|
Batting: LHB Angel Sanchez
|
0-0: Ball 1-0: Ball 2-0: Foul Ball, location: 2F 2-1: Called Strike 2-2: Ball 3-2: SINGLE (Flyball, 6D, EV 98.8 MPH) Manny Moron to second Manny Moron to third
|
Pitching: RHP John Harrell
|
|
Batting: RHB Danny Heikkila
|
0-0: Ball 1-0: Ground out 6-3 (Groundball, 6S, EV 86.2 MPH)
|
Top of the 3rd over - 0 runs, 1 hit, 0 errors, 2 left on base; Beloit 0 - West Michigan 1 |
BOTTOM OF THE 3RD |
West Michigan Whitecaps batting - Pitching for Beloit Snappers : LHP Bobby Carroll
|
Batting: LHB Luis Dominguez
|
0-0: Called Strike 0-1: Swinging Strike 0-2: Ball 1-2: Ball 2-2: Ball 3-2: Foul Ball, location: 2F 3-2: Base on Balls
|
Batting: SHB Andy Vivas
|
0-0: Ball 1-0: Ball Wild Pitch! Luis Dominguez to second 2-0: Ball 3-0: Hit by Pitch
|
Batting: RHB Tim Borden
|
0-0: Called Strike 0-1: Ball 1-1: Fly out, F7 (Flyball, 7, EV 93.1 MPH)
|
Batting: RHB Mike Olsen
|
0-0: Called Strike Luis Dominguez steals 3rd base Andy Vivas to second 0-1: Foul Ball, location: 2F 0-2: Ball 1-2: Ball 2-2: Strikes out swinging
|
Batting: RHB Miguel Nunez
|
0-0: Ground out 6-3 (Groundball, 6, EV 83.1 MPH)
|
Bottom of the 3rd over - 0 runs, 0 hits, 0 errors, 2 left on base; Beloit 0 - West Michigan 1 |
TOP OF THE 4TH |
Beloit Snappers batting - Pitching for West Michigan Whitecaps : RHP John Harrell
|
Batting: LHB Billy Schultz
|
0-0: Ground out 6-3 (Groundball, 6M, EV 88.1 MPH)
|
Batting: LHB Henry Hutson
|
0-0: Foul Ball, location: 2F 0-1: Swinging Strike 0-2: Foul Ball, location: 2F 0-2: Foul Ball, location: 2F 0-2: Ground out 4-3 (Groundball, 4S, EV 81.9 MPH)
|
Batting: RHB Ricardo Mariscal
|
0-0: Called Strike 0-1: Called Strike 0-2: Ball 1-2: Ball 2-2: Ball 3-2: Ground out 5-3 (Groundball, 56S, EV 80.0 MPH)
|
Top of the 4th over - 0 runs, 0 hits, 0 errors, 0 left on base; Beloit 0 - West Michigan 1 |
BOTTOM OF THE 4TH |
West Michigan Whitecaps batting - Pitching for Beloit Snappers : LHP Bobby Carroll
|
Batting: RHB Mike Patterson
|
0-0: Called Strike 0-1: Ball 1-1: Ground out 6-3 (Groundball, 56D, EV 103.8 MPH)
|
Batting: LHB Takuya Uchida
|
0-0: Ball 1-0: Called Strike 1-1: Foul Ball, location: 2F 1-2: Strikes out swinging, 2-3 out at first.
|
Batting: RHB Eric Blaha
|
0-0: Ball 1-0: SOLO HOME RUN (Flyball, 9D, EV 98.8 MPH), Distance : 366 ft
|
Batting: LHB Freddy Troncoso
|
0-0: Called Strike 0-1: Foul Ball, location: 2F 0-2: Fly out, F4 (Flyball, 34D, EV 96.9 MPH)
|
Bottom of the 4th over - 1 run, 1 hit, 0 errors, 0 left on base; Beloit 0 - West Michigan 2 |
TOP OF THE 5TH |
Beloit Snappers batting - Pitching for West Michigan Whitecaps : RHP John Harrell
|
Batting: RHB Jose Marquez
|
0-0: Fly out, F4 (Popup, 4, EV 61.2 MPH)
|
Batting: SHB Mike Jorgenson
|
0-0: Ball 1-0: Ball 2-0: Ball 3-0: Ground out U3 (Groundball, 3L, EV 84.4 MPH)
|
Batting: RHB D.J. Torres
|
0-0: Ball 1-0: Foul Ball, location: 2F 1-1: Swinging Strike 1-2: Strikes out swinging, 2-3 out at first.
|
Top of the 5th over - 0 runs, 0 hits, 0 errors, 0 left on base; Beloit 0 - West Michigan 2 |
BOTTOM OF THE 5TH |
West Michigan Whitecaps batting - Pitching for Beloit Snappers : LHP Bobby Carroll
|
Batting: LHB Luis Dominguez
|
0-0: Ball 1-0: Foul Ball, location: 2F 1-1: Ground out U3 (Groundball, 3, EV 85.0 MPH)
|
Batting: SHB Andy Vivas
|
0-0: Called Strike 0-1: Called Strike 0-2: Ball 1-2: Foul Ball, location: 2F 1-2: Ground out U3 (Groundball, 34, EV 82.5 MPH)
|
Batting: RHB Tim Borden
|
0-0: Called Strike 0-1: Foul Ball, location: 2F 0-2: Strikes out looking
|
Bottom of the 5th over - 0 runs, 0 hits, 0 errors, 0 left on base; Beloit 0 - West Michigan 2 |
TOP OF THE 6TH |
Beloit Snappers batting - Pitching for West Michigan Whitecaps : RHP John Harrell
|
Batting: RHB Manny Moron
|
0-0: Ball 1-0: Foul Ball, location: 2F 1-1: Ball 2-1: Swinging Strike 2-2: Strikes out looking
|
Pitching: RHP Vic Flores
|
|
Batting: LHB Angel Sanchez
|
0-0: Called Strike 0-1: Ball 1-1: Ball 2-1: Ball 3-1: Base on Balls
|
Batting: RHB Danny Heikkila
|
0-0: Called Strike Angel Sanchez steals 2nd, throwing error, E2 Angel Sanchez to third 0-1: Ball 1-1: Ball 2-1: Ball 3-1: TRIPLE (Line Drive, 89XD, EV 99.4 MPH) Angel Sanchez scores
|
Batting: LHB Billy Schultz
|
0-0: SINGLE (Groundball, 34S, EV 65.6 MPH) (infield hit)
|
Batting: LHB Henry Hutson
|
0-0: Ball 1-0: Ball 2-0: SINGLE (Groundball, 6D, EV 95.0 MPH) Danny Heikkila scores Billy Schultz to second
|
Batting: RHB Ricardo Mariscal
|
0-0: SINGLE (Line Drive, 78S, EV 100.6 MPH) Billy Schultz to third Henry Hutson to second Runner from 3rd tries for Home, SAFE, throw by CF to home
|
Batting: RHB Jose Marquez
|
0-0: Ball Wild Pitch! Henry Hutson to third Ricardo Mariscal to second 1-0: Ball 2-0: Foul Ball, location: 2F 2-1: Ground out 1-3 (Groundball, 13S, EV 68.1 MPH)
|
Pitching: RHP Juan Cornejo
|
|
Batting: SHB Mike Jorgenson
|
0-0: Called Strike 0-1: Ground out U3 (Groundball, 3L, EV 81.2 MPH)
|
Top of the 6th over - 3 runs, 4 hits, 1 error, 2 left on base; Beloit 3 - West Michigan 2 |
BOTTOM OF THE 6TH |
West Michigan Whitecaps batting - Pitching for Beloit Snappers : LHP Bobby Carroll
|
Pitching: LHP Antonio Arocha
|
|
Batting: RHB Mike Olsen
|
0-0: Swinging Strike 0-1: Foul Ball, location: 2F 0-2: Ball 1-2: Strikes out swinging
|
Batting: RHB Miguel Nunez
|
0-0: Called Strike 0-1: Ball 1-1: Swinging Strike 1-2: Ball 2-2: Ground out 6-3 (Groundball, 6, EV 85.0 MPH)
|
Batting: RHB Mike Patterson
|
0-0: Fly out, F6 (Line Drive, 6, EV 68.1 MPH)
|
Bottom of the 6th over - 0 runs, 0 hits, 0 errors, 0 left on base; Beloit 3 - West Michigan 2 |
TOP OF THE 7TH |
Beloit Snappers batting - Pitching for West Michigan Whitecaps : RHP Juan Cornejo
|
Pitching: RHP Jared Barger
|
|
Batting: RHB D.J. Torres
|
0-0: Called Strike 0-1: Foul Ball, location: 2F 0-2: SINGLE (Groundball, 34S, EV 70.0 MPH) (infield hit)
|
Batting: RHB Manny Moron
|
0-0: Bunted foul 0-1: Bunted foul 0-2: Strikes out swinging
|
Batting: LHB Angel Sanchez
|
0-0: Ball 1-0: Foul Ball, location: 2F 1-1: Foul Ball, location: 2F 1-2: Strikes out swinging
|
Batting: RHB Danny Heikkila
|
0-0: Ball 1-0: Called Strike 1-1: Ball 2-1: Called Strike 2-2: Ground out 4-3 (Groundball, 4, EV 103.1 MPH)
|
Top of the 7th over - 0 runs, 1 hit, 0 errors, 1 left on base; Beloit 3 - West Michigan 2 |
BOTTOM OF THE 7TH |
West Michigan Whitecaps batting - Pitching for Beloit Snappers : LHP Antonio Arocha
|
Pinch Hitting: RHB Yaremka Rzhevsky
|
0-0: Ground out 2-3 (Groundball, 2L, EV 70.0 MPH)
|
Batting: RHB Eric Blaha
|
0-0: Called Strike 0-1: Ground out 6-3 (Groundball, 6, EV 93.8 MPH)
|
Batting: LHB Freddy Troncoso
|
0-0: Ball 1-0: Fly out, F9 (Flyball, 9, EV 96.9 MPH)
|
Bottom of the 7th over - 0 runs, 0 hits, 0 errors, 0 left on base; Beloit 3 - West Michigan 2 |
TOP OF THE 8TH |
Beloit Snappers batting - Pitching for West Michigan Whitecaps : RHP Jared Barger
|
Pitching: RHP David Esposito
|
|
Now at 1B: Tim Borden
|
|
Now at SS: Yaremka Rzhevsky
|
|
Batting: LHB Billy Schultz
|
0-0: Ball 1-0: Called Strike 1-1: Swinging Strike 1-2: Fly out, F9 (Flyball, 9D, EV 103.1 MPH)
|
Batting: LHB Henry Hutson
|
0-0: Foul Ball, location: 2F 0-1: Called Strike 0-2: Ball 1-2: Ball 2-2: Strikes out swinging
|
Batting: RHB Ricardo Mariscal
|
0-0: Called Strike 0-1: Swinging Strike 0-2: Foul Ball, location: 2F 0-2: Strikes out looking
|
Top of the 8th over - 0 runs, 0 hits, 0 errors, 0 left on base; Beloit 3 - West Michigan 2 |
BOTTOM OF THE 8TH |
West Michigan Whitecaps batting - Pitching for Beloit Snappers : LHP Antonio Arocha
|
Pitching: RHP Lee Ott
|
|
Batting: LHB Luis Dominguez
|
0-0: Called Strike 0-1: Foul Ball, location: 2F 0-2: Ball 1-2: Strikes out swinging
|
Batting: SHB Andy Vivas
|
0-0: Swinging Strike 0-1: Ball 1-1: Foul Ball, location: 2F 1-2: SINGLE (Groundball, 4D, EV 99.4 MPH)
|
Batting: RHB Tim Borden
|
0-0: Called Strike 0-1: Ball 1-1: Hit by Pitch Andy Vivas to second
|
Batting: RHB Mike Olsen
|
0-0: Called Strike 0-1: Called Strike 0-2: Foul Ball, location: 2F 0-2: Foul Ball, location: 2F 0-2: Ball 1-2: DOUBLE (Line Drive, 7LD, EV 115.0 MPH) Andy Vivas scores Tim Borden to third Runner from 3rd tries for Home, throw by LF and OUT! 7-6-2 Mike Olsen to third
|
Batting: RHB Miguel Nunez
|
0-0: Intentional Walk
|
Batting: RHB Mike Patterson
|
0-0: Ball 1-0: Called Strike 1-1: Foul Ball, location: 2F 1-2: Foul Ball, location: 2F 1-2: Foul Ball, location: 2F 1-2: Strikes out swinging
|
Bottom of the 8th over - 1 run, 2 hits, 0 errors, 2 left on base; Beloit 3 - West Michigan 3 |
TOP OF THE 9TH |
Beloit Snappers batting - Pitching for West Michigan Whitecaps : RHP David Esposito
|
Pitching: RHP Chris Haselhorst
|
|
Batting: RHB Jose Marquez
|
0-0: Ground out 6-3 (Groundball, 6, EV 90.6 MPH)
|
Batting: SHB Mike Jorgenson
|
0-0: Ground out 4-3 (Groundball, 34D, EV 85.0 MPH)
|
Batting: RHB D.J. Torres
|
0-0: Ball 1-0: Called Strike 1-1: Called Strike 1-2: Foul Ball, location: 2F 1-2: Foul Ball, location: 2F 1-2: Strikes out looking
|
Top of the 9th over - 0 runs, 0 hits, 0 errors, 0 left on base; Beloit 3 - West Michigan 3 |
BOTTOM OF THE 9TH |
West Michigan Whitecaps batting - Pitching for Beloit Snappers : RHP Lee Ott
|
Pitching: RHP Alec Bassett
|
|
Batting: RHB Yaremka Rzhevsky
|
0-0: Ball 1-0: Fly out, F8 (Flyball, 8RM, EV 91.2 MPH)
|
Batting: RHB Eric Blaha
|
0-0: Ball 1-0: Ball 2-0: Called Strike 2-1: Ball 3-1: Fly out, F9 (Flyball, 9S, EV 94.4 MPH)
|
Batting: LHB Freddy Troncoso
|
0-0: Ball 1-0: Fly out, F7 (Flyball, 78D, EV 109.4 MPH)
|
Bottom of the 9th over - 0 runs, 0 hits, 0 errors, 0 left on base; Beloit 3 - West Michigan 3 |
TOP OF THE 10TH |
Beloit Snappers batting - Pitching for West Michigan Whitecaps : RHP Chris Haselhorst
|
Batting: RHB Manny Moron
|
0-0: Foul Ball, location: 2F 0-1: Ball 1-1: Called Strike 1-2: Ball 2-2: Strikes out looking
|
Batting: LHB Angel Sanchez
|
0-0: Ball 1-0: Ball 2-0: Fly out, F2 (Popup, 2R, EV 96.2 MPH)
|
Batting: RHB Danny Heikkila
|
0-0: Called Strike 0-1: Hit by Pitch
|
Batting: LHB Billy Schultz
|
0-0: Swinging Strike 0-1: Reached on error, E4 (Groundball, 34, EV 104.4 MPH) Danny Heikkila to third
|
Batting: LHB Henry Hutson
|
0-0: Intentional Walk
|
Batting: RHB Ricardo Mariscal
|
0-0: Ball 1-0: Foul Ball, location: 2F 1-1: Fielders Choice at 2nd, 5-4 (Groundball, 56, EV 90.6 MPH)
|
Top of the 10th over - 0 runs, 0 hits, 1 error, 3 left on base; Beloit 3 - West Michigan 3 |
BOTTOM OF THE 10TH |
West Michigan Whitecaps batting - Pitching for Beloit Snappers : RHP Alec Bassett
|
Pitching: RHP Jan Cole
|
|
Batting: LHB Luis Dominguez
|
0-0: Ball 1-0: Ball 2-0: Ground out 6-3 (Groundball, 4M, EV 104.4 MPH)
|
Batting: SHB Andy Vivas
|
0-0: Ball 1-0: Ground out 5-3 (Groundball, 5L, EV 90.6 MPH)
|
Batting: RHB Tim Borden
|
0-0: Ball 1-0: Called Strike 1-1: Swinging Strike 1-2: Strikes out looking
|
Bottom of the 10th over - 0 runs, 0 hits, 0 errors, 0 left on base; Beloit 3 - West Michigan 3 |
TOP OF THE 11TH |
Beloit Snappers batting - Pitching for West Michigan Whitecaps : RHP Chris Haselhorst
|
Batting: RHB Jose Marquez
|
0-0: Foul Ball, location: 2F 0-1: Foul Ball, location: 2F 0-2: DOUBLE (Line Drive, 78D, EV 107.5 MPH)
|
Batting: SHB Mike Jorgenson
|
0-0: Foul Ball, location: 2F 0-1: Ball 1-1: Foul Ball, location: 2F 1-2: Strikes out swinging
|
Batting: RHB D.J. Torres
|
0-0: Ball 1-0: Ball 2-0: Ball Wild Pitch! Jose Marquez to third 3-0: Called Strike 3-1: Foul Ball, location: 2F 3-2: Foul Ball, location: 2F 3-2: Base on Balls
|
Batting: RHB Manny Moron
|
0-0: Called Strike 0-1: Ball 1-1: Fly out, F9 (Flyball, 89D, EV 96.9 MPH) Runner from 3rd tags up, SCORES, throw by RF
|
Batting: LHB Angel Sanchez
|
0-0: Foul Ball, location: 2F 0-1: Ball 1-1: Called Strike 1-2: Fly out, F7 (Flyball, 78S, EV 90.6 MPH)
|
Top of the 11th over - 1 run, 1 hit, 0 errors, 1 left on base; Beloit 4 - West Michigan 3 |
BOTTOM OF THE 11TH |
West Michigan Whitecaps batting - Pitching for Beloit Snappers : RHP Jan Cole
|
Batting: RHB Mike Olsen
|
0-0: SINGLE (Line Drive, 34D, EV 105.6 MPH)
|
Batting: RHB Miguel Nunez
|
0-0: Ball 1-0: Ball 2-0: Called Strike 2-1: Swinging Strike 2-2: Foul Ball, location: 2F 2-2: Foul Ball, location: 2F 2-2: Ball 3-2: Foul Ball, location: 2F 3-2: Fielders Choice at 2nd, 5-4 (Groundball, 5S, EV 80.6 MPH)
|
Pinch Hitting: LHB Gabe Mendez
|
0-0: Called Strike 0-1: Swinging Strike 0-2: Foul Ball, location: 2F 0-2: Ball 1-2: Strikes out swinging
|
Batting: RHB Yaremka Rzhevsky
|
0-0: Ball 1-0: Swinging Strike 1-1: Foul Ball, location: 2F 1-2: Strikes out swinging
|
Bottom of the 11th over - 0 runs, 1 hit, 0 errors, 1 left on base; Beloit 4 - West Michigan 3 |
|